 Dungeon Crawl Stone Soup version 0.30-a0-509-gd016549fea (webtiles) character file.

Game seed: 5295755708999523147

4574 Veterankin the Cleaver (level 10, 0/90 HPs)
             Began as a Hill Orc Fighter on Sept 23, 2022.
             Was a Believer of Beogh.
             Succumbed to a killer bee's poison
             ... on level 9 of the Dungeon on Dec 22, 2022.
             The game lasted 00:12:29 (8751 turns).

Veterankin the Cleaver (Hill Orc Fighter)           Turns: 8751, Time: 00:12:30

Health: 0/90       AC: 22    Str: 20 (23) XL:     10   Next: 41%
Magic:  14/14      EV:  3    Int: -4 (7)  God:    Beogh [**....]
Gold:   505        SH: 16    Dex: 19 (20) Spells: 9/9 levels left

rFire   . . .      SeeInvis .    w - +12 hammer of Ru's Castigation {flame, Stlth+}
rCold   . . .      Faith    .    y - +0 tower shield
rNeg    . . .      Spirit   .    F - +0 plate armour
rPois   .          Reflect  .    l - +0 helmet
rElec   .          Harm     .    i - +1 cloak
rCorr   .          Rampage  .    f - +0 pair of gloves
Will    .....                    (no boots)
Stlth   ..........               (no amulet)
HPRegen 0.00/turn                h - +6 ring of dexterity
MPRegen 0.14/turn                j - +4 ring of protection

@: lethally poisoned (0 -> -6), inhibited regen, slowed, lost intelligence,
unable to read, very slow
A: agile 1, inhibited regeneration
a: Renounce Religion, Smiting


You were on level 9 of the Dungeon.
You worshipped Beogh.
Beogh was pleased with you.
You visited 1 branch of the dungeon, and saw 9 of its levels.

You collected 505 gold pieces.

Inventory:

Hand Weapons
 a - a +0 war axe
 w - the +12 hammer of Ru's Castigation (weapon) {flame, Stlth+}
   (You found it on level 3 of the Dungeon)

   It burns those it strikes, dealing additional fire damage.
   Stlth:     It makes you more stealthy.
Armour
 f - a +0 pair of gloves (worn)
 i - a +1 cloak (worn)
 l - a +0 helmet (worn)
 y - a +0 tower shield (worn)
 F - a +0 plate armour (worn)
Jewellery
 b - a +6 ring of strength
 c - a ring of see invisible
 h - a +6 ring of dexterity (left hand)
 j - a +4 ring of protection (right hand)
 H - a ring of wizardry
Wands
 k - a wand of polymorph (10)
 E - a wand of quicksilver (9)
 G - a wand of flame (16)
 K - a wand of charming (12)
Scrolls
 g - 4 scrolls of magic mapping {unknown}
 m - 7 scrolls of teleportation {unknown}
 p - 2 scrolls of amnesia {unknown}
 q - 2 scrolls of identify {unknown}
 t - 2 scrolls of poison {unknown}
 x - 2 scrolls of blinking {unknown}
 z - a scroll of noise {unknown}
 A - a scroll of fear {unknown}
 C - a scroll of vulnerability {unknown}
 J - a scroll of enchant armour {unknown}
Potions
 o - a potion of ambrosia
 s - a potion of lignification
 u - a potion of resistance
 v - a potion of heal wounds


   Skills:
 + Level 8.5 Fighting
 * Level 12.0 Axes
 + Level 7.8 Armour
 + Level 7.7 Shields
 + Level 5.3 Invocations


You had 9 spell levels left.
You didn't know any spells.
Your spell library contained the following spells:

 Spells                   Type           Power      Damage    Failure   Level
 Sandblast                Erth           0%         2d4       100%        1
 Summon Small Mammal      Summ           0%         N/A       100%        1
 Sublimation of Blood     Necr           0%         N/A       100%        2
 Call Canine Familiar     Summ           0%         N/A       100%        3
 Portal Projectile        Hex/Tloc       0%         N/A       100%        3
 Leda's Liquefaction      Hex/Erth       0%         N/A       100%        4
 Petrify                  Tmut/Erth      0%         N/A       100%        4
 Irradiate                Conj/Tmut      0%         3d11      100%        5


Dungeon Overview and Level Annotations

Branches:
Dungeon (9/15)             Temple (0/1) D:5
   Lair: D:8-11         Orc: D:9-12

Altars:
Cheibriados
Dithmenos
Ru
Sif Muna
Trog
Uskayaw
Xom

Shops:
D:1 ![[!

Annotations:
D:9 exclusion: orange crystal statue


Innate Abilities, Weirdness & Mutations

You are agile. (Dex +4, Str/Int -1)
You do not regenerate when monsters are visible.


Message History

The killer bee stings you but does no damage.
You hit the kobold. You burn the kobold.
You kill the kobold!
Beogh accepts your kill. You block the killer bee's attack.
The killer bee stings you! You block the kobold brigand's attack.
You block the killer bee's attack.
The kobold brigand hits you but does no damage.
You are electrocuted!!
* * * LOW HITPOINT WARNING * * *
You block the kobold's attack.
The killer bee stings you but does no damage.
You thump the kobold! You burn the kobold.
You kill the kobold!
Beogh accepts your kill.
You block the killer bee's attack. x2; The kobold brigand barely misses you.
You block the killer bee's attack.
The kobold brigand hits you with a +1 whip of electrocution.
* * * LOW HITPOINT WARNING * * *
The killer bee stings you but does no damage.
The killer bee stings you but does no damage.
You block the killer bee's attack.
The kobold brigand hits you but does no damage.
The killer bee barely misses you.
The kobold brigand hits you with a +1 whip of electrocution.
* * * LOW HITPOINT WARNING * * *
Things that are here:
a +0 mace; a stone; a +0 dagger The kobold brigand attacks as you move away!
You block the kobold brigand's attack. You block the killer bee's attack.
The killer bee stings you.
* * * LOW HITPOINT WARNING * * *
You are lethally poisoned!
The killer bee poisons you!
The killer bee stings you but does no damage.
You are too injured to fight recklessly!
You are too injured to fight recklessly!
You sock the kobold brigand! You burn the kobold brigand!
You kill the kobold brigand!
Beogh accepts your kill.
You die...

#.......#.#
#...###.#.#
#.....#.#.#
##....#.#.# #
#......#.# #..
#......#.# ....
#.#.<..#.# .....
#.#..#..†###......
#.#......)@.......
#.###(...y........
#........#...#####
###########..# #.#
..# #... ##+


You could see a killer bee.

Vanquished Creatures
  Pikel (D:6)
  Maggie (D:6)
  Grinder (D:4)
  A wraith (D:6)
  Eustachio (D:4)
  Menkaure (D:5)
  An acid dragon (D:9)
  2 orc warriors (D:7)
  3 ice beasts
  5 ogres
  A lemure (D:6)
  A phantom (D:5)
  2 kobold brigands
  Blork the orc (D:4)
  A necrophage (D:5)
  4 scorpions
  7 wights
  8 killer bees
  A howler monkey (D:8)
  4 jellies
  3 hounds
  7 iguanas
  Crazy Yiuf (D:3)
  7 orc wizards
  Robin (D:2)
  6 gnolls
  5 adders
  2 white imps
  2 ufetubi
  3 worms
  3 dart slugs
  24 orcs
  5 ball pythons
  6 endoplasms
  A giant cockroach (D:2)
  14 goblins
  8 hobgoblins
  3 jackals (D:4)
  7 kobolds
  5 quokkas
  4 bats
  A frilled lizard (D:1)
  6 rats
171 creatures vanquished.

Vanquished Creatures (collateral kills)
  A steam dragon (D:9)
  A wight (D:8)
  A howler monkey (D:8)
  2 orc wizards (D:8)
  2 orcs
7 creatures vanquished.

Vanquished Creatures (others)
  An orc warrior (D:9)
  2 orc wizards (D:9)
  An orc priest (D:3)
  8 orcs
  A goblin (D:3)
  A fungus (D:3)
  3 plants (D:3)
17 creatures vanquished.

Grand Total: 195 creatures vanquished

Notes
Turn   | Place    | Note
-------+----------+-------------------------------------------
     0 | D:1      | Veterankin the Hill Orc Fighter began the quest for the
                  | Orb.
     0 | D:1      | Reached XP level 1. HP: 19/19 MP: 1/1
    11 | D:1      | Upgraded the game from 0.30-a0-137-gd8773701ce to
                  | 0.30-a0-509-gd016549fea
    38 | D:1      | Found Ragewn's Distillery.
    83 | D:1      | Found Zupt's Antique Armour Shoppe.
   174 | D:1      | Found Bynethry's Distillery.
   193 | D:1      | Found Budeeff's Armour Boutique.
   214 | D:1      | Reached skill level 3 in Axes
   238 | D:1      | Reached XP level 2. HP: 27/27 MP: 2/2
   914 | D:2      | Noticed Robin
   919 | D:2      | Reached XP level 3. HP: 33/33 MP: 3/3
   929 | D:2      | Killed Robin
  1087 | D:2      | Reached skill level 4 in Axes
  1193 | D:2      | Reached XP level 4. HP: 35/40 MP: 4/4
  1485 | D:3      | Became a worshipper of Beogh the Brigand
  1559 | D:3      | Reached XP level 5. HP: 28/47 MP: 5/5
  1693 | D:3      | You fall into a shaft and drop 2 floors!
  1693 | D:5      | Entered Level 5 of the Dungeon
  1724 | D:5      | Reached skill level 5 in Axes
  1727 | D:5      | Found a hide-covered altar of Uskayaw.
  1759 | D:4      | Noticed an ogre
  1768 | D:4      | Reached XP level 6. HP: 36/53 MP: 6/6
  2033 | D:4      | Reached skill level 5 in Fighting
  2033 | D:4      | Reached skill level 6 in Axes
  2227 | D:4      | Reached * piety under Beogh
  2228 | D:4      | Reached XP level 7. HP: 61/61 MP: 7/7
  2234 | D:4      | Noticed Blork the orc
  2244 | D:4      | Killed Blork the orc
  2470 | D:3      | Reached skill level 5 in Armour
  2470 | D:3      | Reached skill level 5 in Shields
  2674 | D:3      | Found a faded altar of an unknown god.
  2880 | D:3      | Identified the +12 hammer of Ru's Castigation {flame,
                  | Stlth+}
  2881 | D:3      | Found a runed translucent door.
  2886 | D:3      | Noticed Crazy Yiuf
  2995 | D:3      | Killed Crazy Yiuf
  2996 | D:3      | Reached skill level 7 in Axes
  3087 | D:4      | Found a shadowy altar of Dithmenos.
  3179 | D:4      | Noticed Eustachio
  3194 | D:4      | Killed Eustachio
  3195 | D:4      | Reached XP level 8. HP: 59/70 MP: 8/8
  3240 | D:4      | Noticed Grinder
  3247 | D:4      | Paralysed by Grinder for 5 turns
  3252 | D:4      | Killed Grinder
  3253 | D:4      | Reached skill level 8 in Axes
  3366 | D:4      | Found a snail-covered altar of Cheibriados.
  3366 | D:4      | Found a shimmering altar of Xom.
  3656 | D:5      | Found a staircase to the Ecumenical Temple.
  3770 | D:5      | Reached ** piety under Beogh
  3913 | D:5      | Noticed Menkaure
  3918 | D:5      | Killed Menkaure
  3919 | D:5      | Reached skill level 9 in Axes
  4289 | D:5      | Reached skill level 1 in Invocations
  4326 | D:5      | Found a sacrificial altar of Ru.
  4587 | D:6      | Reached XP level 9. HP: 78/78 MP: 9/9
  4603 | D:6      | Noticed Pikel
  4614 | D:6      | Killed Pikel
  4615 | D:6      | Reached skill level 10 in Axes
  4730 | D:6      | Noticed Maggie
  4735 | D:6      | Killed Maggie
  5272 | D:7      | HP: 9/181 [poisoned by a killer bee]
  5275 | D:7      | Reached skill level 11 in Axes
  5277 | D:7      | HP: 6/181 [poisoned by a killer bee]
  5720 | D:7      | Reached XP level 10. HP: 19/88 MP: 13/13
  6121 | D:7      | Found a bloodstained altar of Trog.
  6138 | D:7      | Found a shimmering blue altar of Sif Muna.
  6148 | D:7      | Reached *** piety under Beogh
  6158 | D:7      | Got Sif Muna's Meditations on Minerals and Allies
  6844 | D:8      | Reached skill level 5 in Invocations
  7424 | D:9      | Noticed an orange crystal statue
  7430 | D:9      | Identified the +1 morningstar of Veyroit {pain, MP-9 Int+8
                  | Stlth+}
  7457 | D:9      | HP: 1/89 [steam dragon/ball of steam[an orange crystal
                  | statue] (10)]
  7796 | D:9      | Lost intelligence.
  7922 | D:8      | Gained mutation: You do not regenerate when monsters are
                  | visible. [potion of mutation]
  7922 | D:8      | Gained mutation: You are agile. (Dex +4, Str/Int -1)
                  | [potion of mutation]
  8739 | D:9      | Reached skill level 12 in Axes
  8750 | D:9      | HP: 3/90 [killer bee (5)]
  8751 | D:9      | Succumbed to a killer bee's poison

Illustrated notes

Levels and vault maps discovered:
D:1:      reono_arrival_forest_river, layout_basic, serial_shops,
          nicolae_lakefront_shop, shop, nicolae_shop_waterfront, shop
D:2:      layout_rooms, uniq_robin
D:3:      layout_basic, shapermc_ecumenical_altar_acropolis,
          guppyfry_early_lair_pool, uniq_crazy_yiuf_cottage
D:4:      layout_basic, mainiacjoe_overflow_concentric_impassable,
          gammafunk_temple_overflow_wave, uniq_grinder, uniq_eustachio,
          uniq_blork_the_orc
D:5:      layout_basic, nicolae_uskayaw_murder_on_the_dancefloor,
          nicolae_ru_the_path_less_chosen, minmay_temple_entry_tees,
          uniq_menkaure
D:6:      layout_loops_ring, uniq_pikel, uniq_maggie
D:7:      layout_basic, nzn_overflow_gifts_of_might_and_magic, corner_web_ring,
          roderic_roman_lattice
D:8:      layout_gridville
D:9:      layout_basic, small_statue_intersection, minmay_protected_statue

Skill      XL: |  1  2  3  4  5  6  7  8  9 10 |
---------------+-------------------------------+-----
Axes           | 3 4 5 6 7 9 11 12 | 12.0
Fighting       | 4 5 6 8 |  8.5
Armour         | 4 5 6 7 |  7.8
Shields        | 4 5 6 7 |  7.7
Invocations    | 1 4 5 |  5.3

Action                   |  1- 3 |  4- 6 |  7- 9 | 10-12 || total
-------------------------+-------+-------+-------+-------++-------
Melee: War axe           |    61 |    93 |    19 |       ||   173
       Mace              |       |       |   174 |   144 ||   318
Invok: Convert to Beogh  |       |     1 |       |       ||     1
  Use: Potion            |       |       |     2 |    12 ||    14
Armor: Scale mail        |    32 |    61 |    44 |       ||   137
       Skin              |    10 |       |    17 |       ||    27
       Chain mail        |       |       |    30 |       ||    30
       Plate armour      |       |       |    69 |   209 ||   278
Dodge: Dodged            |    27 |    56 |    52 |    46 ||   181
Block: Buckler           |    13 |    32 |    14 |       ||    59
       Tower shield      |       |       |   173 |   166 ||   339

Table legend: (Time is in decaauts)
 A = Elapsed time spent in this place.
 B = Non-inter-level travel time spent in this place.
 C = Inter-level travel time spent in this place.
 D = Time resting spent in this place.
 E = Time spent auto-exploring this place.
 F = Levels seen in this place.
 G = Mean time per level.
                   A        B        C        D        E       F      G
               +--------+--------+--------+--------+--------+-----+--------+
         Total |   9455 |   9164 |    291 |   2645 |   4977 |   9 | 1050.6 |
       Dungeon |   9455 |   9164 |    291 |   2645 |   4977 |   9 | 1050.6 |
               +--------+--------+--------+--------+--------+-----+--------+

Top non-repeatable levels by time:
     D:8: 2266 daAuts
     D:7: 1479 daAuts
     D:4: 1331 daAuts
     D:3: 994 daAuts
     D:1: 929 daAuts
     D:6: 877 daAuts
     D:5: 834 daAuts
     D:2: 404 daAuts
     D:9: 338 daAuts
